 Dungeon Crawl Stone Soup version 0.25.1-2-g60ff931df9 (webtiles) character file.

Game seed: 10147712300027414880

119 melloss the Vexing (level 4, 0/21 HPs)
             Began as a Spriggan Enchanter on Nov 13, 2020.
             Slain by an orc priest
             ... wielding a +0 trident
              (8 damage)
             ... on level 3 of the Dungeon.
             The game lasted 00:08:42 (3394 turns).

melloss the Vexing (Spriggan Enchanter)             Turns: 3394, Time: 00:08:44

Health: 0/21       AC:  3    Str:  5    XL:     4   Next: 73%
Magic:  9/9        EV: 18    Int: 16    God:
Gold:   105        SH:  5    Dex: 16    Spells: 5/8 levels left

rFire    . . .     SeeInvis +   c - +0 hand axe (vorpal)
rCold    . . .     Gourm    .   l - +0 buckler
rNeg     . . .     Faith    .   b - +0 robe
rPois    .         Spirit   .   (helmet restricted)
rElec    .         Reflect  .   g - +0 cloak
rCorr    .         Harm     .   (gloves unavailable)
MR       .....                  (boots unavailable)
Stlth    +++.......             j - amulet of magic regeneration
HPRegen  0.07/turn              (no ring)
MPRegen  0.36/turn              (no ring)

@: very quick
A: very small, unfitting armour, see invisible, herbivore, speed 3, slow
metabolism 2
a: no special abilities


You were on level 3 of the Dungeon.
You were not hungry.

You visited 1 branch of the dungeon, and saw 3 of its levels.

You collected 105 gold pieces.

Inventory:

Hand Weapons
 a - a +1 dagger
 c - a +0 vorpal hand axe (weapon)
Missiles
 h - 23 poisoned darts (quivered)
Armour
 b - a +0 robe (worn)
 g - a +0 cloak (worn)
 l - a +0 buckler (worn)
Jewellery
 j - an amulet of magic regeneration (around neck)
Scrolls
 e - 3 scrolls of identify {unknown}
 f - a scroll of magic mapping {unknown}
 m - a scroll of amnesia {unknown}
 p - a scroll of teleportation {unknown}
Potions
 i - a potion of brilliance {unknown}
 k - a potion of haste {unknown}
 n - a potion of curing {unknown}
 o - a potion of might {unknown}
Comestibles
 d - 6 rations


   Skills:
 + Level 2.7 Short Blades
 - Level 1.0 Axes
 - Level 3.6 Dodging
 - Level 4.7 Stealth
 - Level 2.7 Spellcasting
 + Level 5.1 Hexes


You had 5 spell levels left.
You knew the following spells:

 Your Spells              Type           Power        Failure   Level  Hunger
a - Corona                Hex            ###....      3%          1    #......
b - Ensorcelled Hibernat  Hex/Ice        ##....       17%         2    ##.....

Your spell library contained the following spells:

 Spells                   Type           Power        Failure   Level  Hunger
 Confusing Touch          Hex            ###.....     12%         3    ###....
 Tukima's Dance           Hex            ###.....     12%         3    ###....
 Dazzling Flash           Conj/Hex       ##....       32%         3    ###....


Dungeon Overview and Level Annotations

Branches:
Dungeon (3/15)

Altars:
Gozag
Yredelemnul


Innate Abilities, Weirdness & Mutations

You are very small and have problems with some larger weapons.
You are too small for most types of armour.
You have supernaturally acute eyesight. (SInv)
You are a herbivore.
You cover ground extremely quickly.
You need to consume almost no food.


Message History

The bat hits you. The bat closely misses you.
You block the orc priest's attack. The orc hits you but does no damage.
The black bear misses you. The black bear claws you.
The black bear closely misses you.
You hit the orc but do no damage.
The orc is almost dead.
You hit the orc. You closely miss the bat.
You hit the black bear but do no damage.
You block the bat's attack. The orc priest barely misses you.
The orc misses you. The black bear bites you.
The black bear closely misses you. You block the black bear's attack.
The orc closely misses you.
You hit the orc.
You kill the orc!
You hit the black bear but do no damage.
You hit the orc but do no damage. The black bear bites you.
The black bear completely misses you. You block the black bear's attack.
The orc barely misses you.
The orc priest hits you from afar with a +0 trident!
You die...

#...## ... +...'
... ##.K.# ....
....# .
...#####..# ..
#....#..### #.
###.#....K.>..#
#.
#.....o#.#.##.###
#.
..#ob@.#b##...#
#. #.h###.##...#
.. ..... #.##...#
#. #####.
#.##..## #. ..
#.###[# ##. ..
#.#...## #.. ###
#....## #..
#.....# #..
#.##..# #..


You could see a black bear, an orc priest, an orc, a bat and a kobold.

Vanquished Creatures
  A centaur skeleton (D:2)
  3 adders (D:3)
  2 oozes
  A dart slug (D:2)
  3 leopard geckos
  3 orcs (D:3)
  A ball python (D:2)
  A giant cockroach (D:1)
  3 hobgoblins
  3 jackals (D:1)
  11 kobolds
  4 bats
  4 frilled lizards
  4 goblins
  5 rats
49 creatures vanquished.

Notes
Turn   | Place    | Note
-------+----------+-------------------------------------------
     0 | D:1      | melloss the Spriggan Enchanter began the quest for the Orb.
     0 | D:1      | Reached XP level 1. HP: 9/9 MP: 5/5
   467 | D:1      | Reached XP level 2. HP: 13/13 MP: 6/6
   528 | D:1      | Reached skill level 4 in Hexes
  1415 | D:2      | Reached skill level 1 in Axes
  1415 | D:2      | Reached XP level 3. HP: 10/16 MP: 8/8
  1765 | D:2      | Reached XP level 4. HP: 13/21 MP: 9/9
  1935 | D:2      | Found a basalt altar of Yredelemnul.
  2275 | D:2      | Found an opulent altar of Gozag.
  3047 | D:2      | Learned a level 2 spell: Ensorcelled Hibernation
  3117 | D:3      | Reached skill level 5 in Hexes
  3390 | D:3      | Noticed a black bear
  3394 | D:3      | Slain by an orc priest

Illustrated notes

Levels and vault maps discovered:
D:1:      giann_bridges, layout_loops_ring
D:2:      layout_loops_ring, overflow_temple_1_default,
          yredelemnul_altar_generic, first_ration
D:3:      layout_basic

Skill      XL: |  1  2  3  4 |
---------------+-------------+-----
Hexes          | 4 5 |  5.1
Axes           | 1 |  1.0
Short Blades   | 2 |  2.7
Dodging        | |  3.6
Stealth        | |  4.7
Spellcasting   | |  2.7

Action                   |  1- 3 |  4- 6 || total
-------------------------+-------+-------++-------
Melee: Hand axe          |   109 |    79 ||   188
 Stab: Distracted        |     2 |       ||     2
       Sleeping          |     8 |     2 ||    10
  Eat: Ration            |       |     1 ||     1
Armor: Robe              |    11 |     5 ||    16
Dodge: Dodged            |   122 |    79 ||   201
Block: Buckler           |       |    30 ||    30
